 Dungeon Crawl Stone Soup version 0.28.0-53-g5a82cb258f (webtiles) character file.

Game seed: 16527315278157408783

6 jjjjhere the Chopper (level 1, 0/18 HPs)
             Began as a Minotaur Warper on Oct 16, 2022.
             Slain by a kobold
             ... wielding a +0 short sword
              (4 damage)
             ... on level 1 of the Dungeon.
             The game lasted 00:00:22 (341 turns).

jjjjhere the Chopper (Minotaur Warper)               Turns: 341, Time: 00:00:23

Health: 0/18       AC:  6    Str: 15    XL:     1   Next: 75%
Magic:  1/1        EV:  9    Int: 10    God:
Gold:   24         SH:  0    Dex:  9    Spells: 2/2 levels left

rFire   . . .      SeeInvis .   a - +0 hand axe
rCold   . . .      Faith    .   (no shield)
rNeg    . . .      Spirit   .   e - +0 scale mail
rPois   .          Reflect  .   (helmet restricted)
rElec   .          Harm     .   (no cloak)
rCorr   .          Rampage  .   (no gloves)
Will    .....                   (no boots)
Stlth   ..........              (no amulet)
HPRegen 0.06/turn               (no ring)
MPRegen 0.07/turn               (no ring)

@: no status effects
A: horns 2, retaliatory headbutt
a: no special abilities


You were on level 1 of the Dungeon.
You visited 1 branch of the dungeon, and saw 1 of its levels.

You collected 24 gold pieces.

Inventory:

Hand Weapons
 a - a +0 hand axe (weapon)
Missiles
 d - 5 boomerangs of dispersal (quivered)
Armour
 b - a +0 leather armour
 e - a +0 scale mail (worn)
Scrolls
 c - 2 scrolls of blinking
 f - a scroll of magic mapping {unknown}
Potions
 g - a potion of flight {unknown}


   Skills:
 + Level 2.6 Fighting
 * Level 3.0 Axes
 - Level 1.0 Throwing
 - Level 1.2 Armour
 - Level 2.1 Dodging
 - Level 1.3 Spellcasting
 - Level 2.1 Translocations


You had 2 spell levels left.
You didn't know any spells.
Your spell library contained the following spells:

 Spells                   Type           Power      Damage    Failure   Level
 Blink                    Tloc           10%        N/A       63%         2
 Gell's Gravitas          Tloc           5%         N/A       86%         3
 Lesser Beckoning         Tloc           5%         N/A       86%         3
 Teleport Other           Tloc           5%         N/A       86%         3
 Manifold Assault         Tloc           5%         N/A       100%        5


Dungeon Overview and Level Annotations

Branches:
Dungeon (1/15)

Altars:


Innate Abilities, Weirdness & Mutations

You have a pair of horns on your head.
You reflexively headbutt those who attack you in melee.


Message History

No target in view!
You see here a quokka corpse.
Key pressed, stopping explore.
g - a metallic golden potion No target in view!
Key pressed, stopping explore.
Found a stone staircase leading down.
There is a stone staircase leading down here.
Key pressed, stopping explore.
A kobold comes into view. It is wielding a +0 short sword.
The kobold shouts!
A rat comes into view.
You closely miss the rat. The rat barely misses you.
You barely miss the rat. You headbutt the rat.
You kill the rat!
Your Axes skill increases to level 3!
No target in view!
The kobold throws a stone.
The stone barely misses you.
The kobold hits you with a +0 short sword.
You barely miss the kobold.
The kobold hits you with a +0 short sword.
You closely miss the kobold.
The kobold hits you with a +0 short sword.
You are too injured to fight recklessly!
You are too injured to fight recklessly!
Unknown command.
You closely miss the kobold. The kobold hits you but does no damage.
You hit the kobold but do no damage.
The kobold hits you but does no damage. x2
You barely miss the kobold.
You headbutt the kobold, but do no damage.
The kobold hits you with a +0 short sword.
* * * LOW HITPOINT WARNING * * *
You closely miss the kobold. You headbutt the kobold.
The kobold is heavily wounded.
The kobold hits you with a +0 short sword.
* * * LOW HITPOINT WARNING * * *
You completely miss the kobold. Your headbutt misses the kobold.
The kobold is heavily wounded.
The kobold hits you with a +0 short sword.
You die...

#.# #.# #.# #.#
#.# .## #.#
#...####K########
#....@#.......#
####...######.#
##.## #.# . #.#
#.# ##. #.# #.#
..# #.# #.# #.#
#.# #.# ######.##
#.# #.#
#...#...#####.#.#
#.#


You could see a kobold.

Vanquished Creatures
  A ball python (D:1)
  2 goblins (D:1)
  A quokka (D:1)
  A rat (D:1)
5 creatures vanquished.

Notes
Turn   | Place    | Note
-------+----------+-------------------------------------------
     0 | D:1      | jjjjhere the Minotaur Warper began the quest for the Orb.
     0 | D:1      | Reached XP level 1. HP: 18/18 MP: 1/1
   333 | D:1      | Reached skill level 3 in Axes
   339 | D:1      | HP: 5/18 [kobold/+0 short sword (4)]
   341 | D:1      | Slain by a kobold

Illustrated notes

Levels and vault maps discovered:
D:1:      evilmike_arrival_hilbert_curve, layout_loops_ring,
          hellmonk_ecumenical_altar_blasted, chequers_decorated_corner

Skill      XL: |  1 |
---------------+----+-----
Axes           | 3 |  3.0
Fighting       | |  2.6
Throwing       | |  1.0
Armour         | |  1.2
Dodging        | |  2.1
Spellcasting   | |  1.3
Translocations | |  2.1

Action                   || total
-------------------------++-------
Melee: Hand axe          ||    16
       Headbutt          ||     3
Armor: Scale mail        ||     6
Dodge: Dodged            ||     3
